 Dungeon Crawl Stone Soup version 0.15.1-3-g1b33baa (webtiles) character file.

4624 Johnny the Chiller (level 10, -5/81 HPs)
             Began as a Demigod Ice Elementalist on Oct 5, 2014.
             Slain by a six-headed hydra (12 damage)
             ... on Level 2 of the Lair of Beasts.
             The game lasted 00:37:15 (10207 turns).

Johnny the Chiller (Demigod Ice Elementalist)      Turns: 10207, Time: 00:37:16

HP  -5/81        AC  9     Str 14      XL: 10   Next:  0%
MP   0/25        EV 13     Int 18      God:
Gold 418         SH  0     Dex 16 (18) Spells:  4 memorised,  8 levels left

rFire  . . .     SeeInvis +     M - +6 long sword "Ybripudd" {freeze, +Rage MR+ Int-4 SInv}
rCold  . . .     Clarity  .     s - +0 leather armour
rNeg   . . .     rCorr    .     (no shield)
rPois  .         rRot     .     r - +2 hat
rElec  .         Spirit   +     (no cloak)
SustAb .         Warding  .     B - +2 pair of gloves
rMut   .         Stasis   .     C - +0 pair of boots
Gourm  .                        x - amulet of guardian spirit
MR     ++...                    T - ring of flight
                                R - ring of wizardry

@: about to teleport, starving, very resistant to hostile enchantments, fairly
stealthy
A: no striking features
a: Evoke Berserk Rage, Evoke Flight


You were on level 2 of the Lair of Beasts.
You were starving.

You visited 2 branches of the dungeon, and saw 11 of its levels.

You collected 679 gold pieces.
You spent 261 gold pieces at shops.

Inventory:

Hand weapons
 g - a +0 flail of protection
 M - the +6 long sword "Ybripudd" (weapon) {freeze, +Rage MR+ Int-4 SInv}
   (You found it on level 9 of the Dungeon)

   It has been specially enchanted to freeze those struck by it, causing extra
   injury to most foes and up to double damage against particularly susceptible
   opponents.
   It can also slow down cold-blooded creatures.
   It affects your intelligence (-4).
   It affects your resistance to hostile enchantments.
   It enhances your eyesight.
   It lets you go berserk.
 Q - a +1 dagger of protection
Armour
 r - a +2 hat (worn)
 s - a +0 leather armour (worn)
 B - a +2 pair of gloves (worn)
 C - a +0 pair of boots (worn)
 S - a +3 scale mail
Magical devices
 A - a wand of flame (10)
 N - a wand of enslavement (14)
 P - a wand of magic darts (13)
Comestibles
 c - 12 bread rations
 j - 7 fruits
 k - 9 beef jerkies
 o - 5 meat rations
 W - 4 rotting chunks of komodo dragon flesh
Scrolls
 e - 3 scrolls of immolation
 l - 4 scrolls of teleportation
 m - 2 scrolls of fog {unknown}
 q - 3 scrolls of amnesia
 v - a scroll of recharging {unknown}
 y - 2 scrolls of noise {unknown}
 z - 2 scrolls of fear {unknown}
 D - a scroll of enchant armour {unknown}
 F - a scroll of magic mapping {unknown}
 G - a scroll of remove curse
 J - 2 scrolls of holy word {unknown}
 K - a scroll of enchant weapon {unknown}
 L - 2 scrolls of random uselessness {unknown}
Jewellery
 x - an amulet of guardian spirit (around neck)
 R - a ring of wizardry (left hand)
 T - a ring of flight (right hand)
 U - an uncursed ring of fire {unknown}
Potions
 a - 5 potions of brilliance {unknown}
 d - 2 potions of degeneration {unknown}
 f - 5 potions of might
 h - a potion of confusion {unknown}
 i - a potion of experience {unknown}
 n - 12 potions of curing
 p - 3 potions of heal wounds
 t - 3 potions of restore abilities {unknown}
 u - 2 potions of resistance {unknown}
 I - a potion of magic {unknown}
 O - a potion of lignification {unknown}
Books
 b - a book of Frost

   Spells                             Type                      Level
   *Freeze                            Ice                          1
   Throw Frost                        Conjuration/Ice              2
   *Ozocubu's Armour                  Charms/Ice                   3
   Throw Icicle                       Conjuration/Ice              4
   *Summon Ice Beast                  Ice/Summoning                4
   Condensation Shield                Ice                          4
 w - a book of Geomancy

   Spells                             Type                      Level
   Sandblast                          Earth                        1
   Stoneskin                          Transmutation/Earth          2
   *Passwall                          Transmutation/Earth          3
   Stone Arrow                        Conjuration/Earth            3
   Petrify                            Transmutation/Earth          4
   Lee's Rapid Deconstruction         Earth                        5
 E - a book of Annihilations {highlevel, unknown}

   This book is beyond your current level of understanding.

   Spells                             Type                      Level
   Poison Arrow                       Conjuration/Poison           6
   Chain Lightning                    Conjuration/Air              8
   Lehudib's Crystal Spear            Conjuration/Earth            8
   Glaciate                           Conjuration/Ice              9
   Fire Storm                         Conjuration/Fire             9
 H - a book of Death

   Spells                             Type                      Level
   Corpse Rot                         Necromancy                   2
   Sublimation of Blood               Necromancy                   2
   Agony                              Necromancy                   5
   Dispel Undead                      Necromancy                   5
   Excruciating Wounds                Charms/Necromancy            5
   Bolt of Draining                   Conjuration/Necromancy       5


   Skills:
 * Level 5.2 Fighting
 + Level 3.4 Armour
 + Level 4.2 Dodging
 * Level 5.6 Stealth
 * Level 5.2 Spellcasting
   Level 0.8 Conjurations
 * Level 1.8 Charms
 * Level 5.2 Summonings
 * Level 6.1 Ice Magic
 * Level 2.0 Earth Magic
 + Level 2.2 Evocations


You had 8 spell levels left.
You knew the following spells:

 Your Spells              Type           Power        Failure   Level  Hunger
a - Freeze                Ice            ####         1%          1    None
b - Summon Ice Beast      Ice/Summ       ####....     7%          4    ####...
c - Ozocubu's Armour      Chrm/Ice       ###.....     4%          3    ###....
d - Passwall              Trmt/Erth      #.........   12%         3    ###....


Dungeon Overview and Level Annotations

Branches:
Dungeon (9/15)             Temple (0/1) D:6             Orc (0/4) D:9
   Lair (2/8) D:9

Shops:
D:4 *   D:7 !

Annotations:
D:3 hurdos' ghost, average TrMo


Message History

Firing (i - inventory): No suitable missiles.
Press: ? - help, Shift-Dir - straight line, f/p - six-headed hydra
Aim: a six-headed hydra (almost dead)
Okay, then.
Casting: Summon Ice Beast
Confirm with . or Enter, or press ? or * to list all spells.
You don't have the energy to cast that spell.
Read which item? (? for menu, Esc to quit)
As you read the scroll of teleportation, it crumbles to dust.
You feel strangely unstable.
The water moccasin barely misses your ice beast.
The six-headed hydra closely misses you.
The six-headed hydra bites you!
* * * LOW HITPOINT WARNING * * *
The six-headed hydra bites you!
* * * LOW HITPOINT WARNING * * *
The six-headed hydra closely misses you.
The six-headed hydra bites you but does no damage.
The six-headed hydra bites you!
You die...

#######
#####PPP#.#######
................##
#.#P##.#...S.YD..#
##..######@## #..#
#P.# #!#.# #..#
.....# ####.#
#.#..###.P#.#
##..........#
.........##
..........#
.........##


You could see a six-headed hydra, a water moccasin and a friendly ice beast.

Vanquished Creatures
  A hippogriff (Lair:1)
  A hungry ghost (D:8)
  3 water moccasins
  A sky beast (D:6)
  3 orc warriors
  An ice beast (D:7)
  A phantom (D:4)
  A crocodile (Lair:1)
  5 giant frogs
  Dowan (D:8)
  A crimson imp (D:5)
  A centaur zombie (D:9)
  A giant frog zombie (D:6)
  2 quasits (D:5)
  An orc priest (D:7)
  2 hounds
  3 iguanas
  4 orc wizards
  3 worker ants
  A gnoll (D:6)
  5 adders
  A worm (D:3)
  An orc skeleton (D:4)
  4 giant geckos
  An ooze (D:2)
  21 orcs
  A ball python (D:3)
  16 bats
  5 giant cockroaches
  12 hobgoblins
  6 jackals
  14 kobolds
  6 quokkas
  6 giant newts
  6 goblins
  15 rats
  A ballistomycete (D:8)
158 creatures vanquished.

Vanquished Creatures (collateral kills)
  A spiny frog (Lair:2)
  2 komodo dragons (Lair:1)
  A spriggan (D:7)
  A wyvern (D:9)
  A hill giant zombie (D:5)
  Eustachio (D:8)
  A hungry ghost (D:8)
  A water moccasin (Lair:1)
  A wolf (Lair:1)
  The ghost of Kex the Shield-Bearer, an average GrFi of Cheibriados (D:4)
  A black bear (D:8)
  4 ogres
  A porcupine (Lair:1)
  2 ice beasts
  2 orc warriors (D:9)
  2 phantoms
  2 centaurs
  Duvessa (D:8)
  3 crocodiles (Lair:1)
  2 giant frogs
  2 scorpions
  2 jellies
  A yak skeleton (D:9)
  An electric eel (D:9)
  A crimson imp (D:6)
  3 giant frog skeletons
  4 iguanas
  A black bear skeleton (D:5)
  A hound (D:8)
  3 worker ants
  6 orc priests
  6 orc wizards
  An ogre skeleton (D:4)
  A hound skeleton (D:8)
  A hound zombie (D:7)
  A worker ant zombie (D:6)
  2 adders
  2 gnolls (D:6)
  An inept feature mimic (D:7)
  A steam dragon skeleton (D:8)
  A shadow imp (D:8)
  3 giant geckos
  34 orcs
  A bat skeleton (D:4)
  2 giant cockroaches
  A hobgoblin (D:6)
  4 jackals (D:8)
  A quokka (Lair:1)
  3 bats
  A goblin (D:6)
  A jackal skeleton (D:8)
  2 kobolds
  An orc skeleton (D:4)
  A quokka skeleton (D:5)
  4 rats
  A plant (Lair:1)
133 creatures vanquished.

Vanquished Creatures (others)
  20 ice beasts
  A giant spore (D:8)
21 creatures vanquished.

Grand Total: 312 creatures vanquished

Notes
Turn   | Place    | Note
--------------------------------------------------------------
     0 | D:1      | Johnny, the Demigod Ice Elementalist, began the quest for the Orb.
     0 | D:1      | Reached XP level 1. HP: 14/14 MP: 3/3
   274 | D:1      | Reached XP level 2. HP: 17/22 MP: 4/4
   293 | D:1      | Reached skill level 3 in Ice Magic
   926 | D:2      | Reached XP level 3. HP: 13/27 MP: 5/7
  1113 | D:2      | Reached skill level 1 in Fighting
  1113 | D:2      | Reached skill level 1 in Armour
  1511 | D:3      | Noticed hurdos' ghost (average TrMo)
  1673 | D:3      | Reached XP level 4. HP: 23/35 MP: 10/10
  1679 | D:3      | Learned a level 4 spell: Summon Ice Beast
  2465 | D:3      | Reached XP level 5. HP: 23/41 MP: 0/12
  2690 | D:4      | Noticed an ogre
  2698 | D:4      | Killed an ogre
  2698 | D:4      | Reached skill level 1 in Summonings
  2800 | D:4      | Found Bla Klutt's General Store.
  2816 | D:4      | Bought a potion of heal wounds for 42 gold pieces
  2816 | D:4      | Bought a cursed +0 pair of gloves for 49 gold pieces
  2834 | D:4      | Noticed an ogre
  2862 | D:5      | Entered Level 5 of the Dungeon
  3154 | D:5      | Reached XP level 6. HP: 17/48 MP: 0/16
  3703 | D:5      | Noticed a hill giant zombie
  3730 | D:5      | Killed a hill giant zombie
  3730 | D:5      | Reached skill level 4 in Ice Magic
  4027 | D:4      | Reached XP level 7. HP: 20/56 MP: 4/19
  4056 | D:4      | Noticed Kex's ghost (average GrFi)
  4261 | D:4      | Killed Kex's ghost
  4468 | D:4      | Killed an ogre
  4524 | D:4      | Noticed a phantom
  4549 | D:4      | Killed a phantom
  5427 | D:6      | Reached XP level 8. HP: 61/63 MP: 11/20
  5810 | D:6      | Found a staircase to the Ecumenical Temple.
  5956 | D:7      | Found a staircase to the Ecumenical Temple.
  5977 | D:7      | the staircase to the Ecumenical Temple was a mimic.
  6004 | D:7      | Found Onkuadarph's Distillery.
  6007 | D:7      | Bought a potion of curing for 20 gold pieces
  6007 | D:7      | Bought a potion of curing for 20 gold pieces
  6007 | D:7      | Bought a potion of heal wounds for 30 gold pieces
  6007 | D:7      | Bought 2 potions of heal wounds for 60 gold pieces
  6007 | D:7      | Bought a potion of curing for 20 gold pieces
  6007 | D:7      | Bought a potion of curing for 20 gold pieces
  6178 | D:7      | Reached skill level 5 in Ice Magic
  6956 | D:8      | Reached skill level 1 in Evocations
  7077 | D:8      | Noticed Duvessa
  7079 | D:8      | Noticed Dowan
  7086 | D:8      | Killed Duvessa
  7116 | D:8      | Killed Dowan
  7648 | D:8      | Reached XP level 9. HP: 72/72 MP: 7/23
  7806 | D:8      | Noticed Eustachio
  7816 | D:8      | Killed Eustachio
  8250 | D:8      | Learned a level 3 spell: Passwall
  8254 | D:8      | Learned a level 3 spell: Ozocubu's Armour
  8349 | D:9      | Found a staircase to the Lair.
  8627 | D:9      | Found a burning altar of Makhleb.
  8774 | D:9      | Found a staircase to the Orcish Mines.
  8793 | D:9      | Reached skill level 1 in Charms
  8794 | D:9      | Reached skill level 1 in Earth Magic
  9119 | D:9      | Got an ivory long sword
  9120 | D:9      | Identified the +6 long sword "Ybripudd" {freeze, +Rage MR+ Int-4 SInv} (You found it on level 9 of the Dungeon)
  9338 | Lair:1   | Entered Level 1 of the Lair of Beasts
  9376 | Lair:1   | Reached skill level 5 in Stealth
  9413 | Lair:1   | Reached skill level 5 in Summonings
  9732 | Lair:1   | Noticed a komodo dragon
  9741 | Lair:1   | Killed a komodo dragon
  9741 | Lair:1   | Reached skill level 5 in Fighting
  9741 | Lair:1   | Reached skill level 5 in Spellcasting
  9852 | Lair:1   | Noticed a komodo dragon
  9866 | Lair:1   | Killed a komodo dragon
  9866 | Lair:1   | Reached skill level 6 in Ice Magic
 10136 | Lair:2   | Noticed a spiny frog
 10145 | Lair:2   | Killed a spiny frog
 10145 | Lair:2   | Reached XP level 10. HP: 81/81 MP: 14/25
 10189 | Lair:2   | Noticed a six-headed hydra
 10207 | Lair:2   | Slain by a six-headed hydra

Action                   |  1- 3 |  4- 6 |  7- 9 | 10-12 || total
-------------------------+-------+-------+-------+-------++-------
Melee: Unarmed           |    13 |       |       |       ||    13
       Short sword       |   104 |       |       |       ||   104
       Dagger            |    20 |   147 |   411 |       ||   578
       Long sword        |       |       |    55 |       ||    55
 Cast: Freeze            |    31 |    39 |    62 |       ||   132
       Summon Ice Beast  |       |    18 |   106 |     1 ||   125
       Ozocubu's Armour  |       |       |     4 |       ||     4
Evoke: Wand              |       |       |     1 |     4 ||     5
  Use: Scroll            |     2 |     3 |     6 |     1 ||    12
       Potion            |       |     4 |       |     2 ||     6
 Stab: Sleeping          |     5 |     2 |     2 |       ||     9
       Distracted        |       |       |     2 |       ||     2
  Eat: Chunk             |     3 |    10 |    28 |       ||    41
       Fruit             |       |     1 |     5 |       ||     6
       Royal jelly       |       |       |     2 |       ||     2
       Meat ration       |       |       |     1 |       ||     1
